 Dungeon Crawl Stone Soup version 0.30.1-3-gfc49f6343a (webtiles) character file.

Game seed: 14349387161307532436

1001 monsoonserge the Carver (level 8, -10/62 HPs)
             Began as a Merfolk Monk on Aug 8, 2023.
             Was a Priest of Okawaru.
             Killed by divine providence
             ... invoked by an orc priest
              (12 damage)
             ... on level 5 of the Dungeon.
             The game lasted 00:09:13 (3353 turns).

monsoonserge the Carver (Merfolk Monk)              Turns: 3353, Time: 00:09:15

Health: -10/62     AC:  8    Str: 11    XL:     8   Next: 20%
Magic:  21/23      EV: 17    Int: 15    God:    Okawaru [***...]
Gold:   239        SH:  0    Dex: 19    Spells: 7/7 levels left

rFire   . . .        c - +4 dagger
rCold   . . .        d - orb {light}
rNeg    . . .        k - +0 ring mail
rPois   .            (no helmet)
rElec   .            (no cloak)
rCorr   .            x - +0 pair of gloves
SInv    .            (no boots)
Will    .....        t
                       - Hermit's Pendant {Faith Invo=14 Evo=0 MP+5}
Stlth   +            v - +6 ring of intelligence
HPRegen 0.30/turn    (no ring)
MPRegen 0.18/turn

%: faith
@: heroic, glowing
A: (nimble swimmer 2), mertail
a: Renounce Religion, Heroism


You were on level 5 of the Dungeon.
You worshipped Okawaru.
Okawaru was most pleased with you.
You visited 1 branch of the dungeon, and saw 5 of its levels.

You collected 239 gold pieces.

Inventory:

Hand Weapons
 c - a +4 dagger (weapon)
 p - a +0 long sword
Armour
 d - an orb of light (worn)
 k - a +0 ring mail (worn)
 l - a +0 chain mail
 x - a +0 pair of gloves (worn)
Jewellery
 q - a ring of ice
 t - the Hermit's Pendant (around neck) {Faith Invo=14 Evo=0 MP+5}
   (You found it on level 3 of the Dungeon)

   [amulet of faith]

   Invo=14: It sets your Invocations skill to 14.
   Evo=0: It sets your Evocations skill to 0.
   It allows you to gain divine favour quickly.
   MP:        It affects your magic capacity (+5).
 v - a +6 ring of intelligence (left hand)
Wands
 y - a wand of iceblast (9)
 z - a wand of flame (17)
Scrolls
 a - 2 scrolls of enchant armour {unknown}
 e - 4 scrolls of identify {unknown}
 g - a scroll of fear {unknown}
 m - a scroll of enchant weapon {unknown}
 o - 2 scrolls of teleportation {unknown}
 s - 2 scrolls of blinking {unknown}
 u - 3 scrolls of magic mapping {unknown}
 B - a scroll of amnesia {unknown}
Potions
 b - a potion of heal wounds {unknown}
 f - 2 potions of resistance {unknown}
 h - 3 potions of curing {unknown}
 i - 2 potions of haste {unknown}
 j - a potion of might {unknown}
 n - a potion of degeneration {unknown}
 r - 5 potions of attraction {unknown}
 w - a potion of berserk rage {unknown}
 A - a potion of mutation {unknown}


   Skills:
 + Level 5.0(10.0) Fighting
 + Level 8.5(13.5) Long Blades
 + Level 2.9(7.9) Armour
 + Level 6.2(11.2) Dodging
 - Level 0.4(14.0) Invocations


You had 7 spell levels left.
You didn't know any spells.
Your spell library contained the following spells:

 Spells                   Type           Power      Damage    Failure   Level
 Ensorcelled Hibernation  Hex/Ice        0%         N/A       63%         2
 Passwall                 Tmut/Erth      0%         N/A       63%         2
 Swiftness                Air            0%         N/A       86%         3


Dungeon Overview and Level Annotations

Branches:
Dungeon (5/15)
 Temple: D:4-7

Altars:
Dithmenos
Okawaru


Innate Abilities, Weirdness & Mutations

((You are very nimble when in or above water. (Stealth+, EV+, Speed+++)))
Your lower body shifts to a powerful aquatic tail in water.


Message History

The iguana completely misses you.
You hit the iguana.
You kill the iguana!
Okawaru accepts your kill.
You hear the slow hiss of a very distant avalanche of sand.
You see here an iguana corpse.
There is a stone staircase leading up, spattered with blood here.
You climb upwards.
There is a stone staircase leading down here.
There is an open door here.
There is a stone staircase leading down here.
You climb downwards.
You hear the hiss of flowing sand.
There is an entrance to an ossuary on this level.
Hurry and find it before the portal is buried!
The orc wizard shouts!
The orc priest miscasts a cantrip.
There is a stone staircase leading up here.
You hit the orc wizard.
The orc wizard is moderately wounded.
The orc priest calls upon Beogh to heal the orc wizard.
The orc wizard's wounds heal themselves!
The orc wizard hits you but does no damage.
You hit the orc wizard but do no damage.
You barely miss the orc wizard.
The orc wizard hits you with a +0 dagger.
The orc priest closely misses you.
The orc priest calls down the wrath of Beogh upon you.
Beogh smites you!
You hit the orc priest but do no damage.
The orc priest hits you but does no damage.
The orc wizard gestures at you while chanting.
The puff of flame hits you!
* * * LOW HITPOINT WARNING * * *
You gain the combat prowess of a mighty hero.
The orc priest invokes the aid of Beogh against you.
Beogh smites you!
* * * LOW HITPOINT WARNING * * *
The orc priest calls down the wrath of Beogh upon you.
Beogh smites you!
You die...

.........##.# ##
#.#.#.#†###.# .. #
#....##.##.#
####.<.....#
####.##.####
#...........#
##.###.##o##.# #+
#... #.##o## # #.
#...##.##.@#.# ...
.......##o...###.
###
..................
..................
.
#.......###...###.
..# #...##..# ...#
. ### #..# ...#
.... ..... ##...
......


You could see 2 orc priests and an orc wizard.

Vanquished Creatures
  A black bear (D:4)
  An ogre (D:4)
  3 phantoms (D:4)
  A scorpion (D:5)
  A centaur zombie (D:4)
  An orc priest (D:2)
  A bullfrog skeleton (D:4)
  4 orc wizards
  2 scorpion zombies (D:4)
  2 iguanas
  5 hound zombies (D:4)
  A hound skeleton (D:4)
  6 adders
  A white imp (D:5)
  5 adder zombies (D:4)
  An adder skeleton (D:4)
  A worm (D:4)
  9 orcs
  8 endoplasms
  3 giant cockroaches
  6 hobgoblins
  3 jackals (D:1)
  2 quokkas
  12 ball pythons
  2 bats
  3 frilled lizards
  9 goblins
  10 kobolds
  6 rats
110 creatures vanquished.

Notes
Turn   | Place    | Note
-------+----------+-------------------------------------------
     0 | D:1      | monsoonserge the Merfolk Monk began the quest for the Orb.
     0 | D:1      | Reached XP level 1. HP: 18/18 MP: 1/1
   225 | D:1      | Reached XP level 2. HP: 20/24 MP: 2/2
   298 | D:1      | Reached skill level 4 in Long Blades
   450 | D:1      | Reached XP level 3. HP: 30/30 MP: 3/3
   954 | D:2      | Reached skill level 5 in Dodging
   954 | D:2      | Reached XP level 4. HP: 16/37 MP: 4/4
   983 | D:2      | Reached skill level 5 in Long Blades
  1284 | D:2      | Reached XP level 5. HP: 36/42 MP: 5/5
  1324 | D:2      | Found an iron altar of Okawaru.
  1333 | D:2      | Became a worshipper of Warmaster Okawaru
  1333 | D:2      | Reached * piety under Okawaru
  1333 | D:2      | Reached ** piety under Okawaru
  1683 | D:3      | Found the Hermit's Pendant {Faith Invo=14 Evo=0 MP+5}
  1979 | D:3      | Reached skill level 1 in Armour
  2273 | D:4      | Noticed a phantom
  2273 | D:4      | Noticed a phantom
  2286 | D:4      | Killed a phantom
  2287 | D:4      | Reached skill level 6 in Long Blades
  2287 | D:4      | Reached XP level 6. HP: 42/48 MP: 16/16
  2482 | D:4      | Reached XP level 7. HP: 53/55 MP: 17/17
  2546 | D:4      | Reached skill level 7 in Long Blades
  2550 | D:4      | Reached *** piety under Okawaru
  2927 | D:4      | Found a shadowy altar of Dithmenos.
  2951 | D:4      | Reached skill level 8 in Long Blades
  2951 | D:4      | Reached XP level 8. HP: 57/61 MP: 18/18
  3215 | D:5      | Entered Level 5 of the Dungeon
  3266 | D:5      | HP: 3/61 [orc wizard/+0 dagger (1)]
  3280 | D:4      | Reached skill level 5 in Fighting
  3353 | D:5      | HP: 2/62 [orc priest/divine providence (16)]
  3353 | D:5      | Killed from afar by an orc priest

Illustrated notes

Levels and vault maps discovered:
D:1:      nagdon_arrival_double_spiral, layout_basic, nicolae_figureground_pulse
D:2:      cheibrodos_pilgrimage, layout_rooms, basic_altar, skrybe_limestone_x,
          hex_large, amcnicky_mini_corridor_feature, lexackson_kobold_supper
D:3:      layout_basic
D:4:      nicolae_cairo_tiling_large, layout_basic,
          mainiacjoe_overflow_24_doors, serial_undead, serial_undead_b,
          serial_undead_f, serial_undead_d, serial_undead_f, serial_undead_c,
          serial_undead_d, serial_undead_e, serial_undead_f,
          hangedman_abyss_or_decor_passed
D:5:      layout_loops_ring, nicolae_tso_besieged_by_evil, serial_shops,
          nicolae_shop_behind_doors, nicolae_ossuary_entry_ruins, st_stairs_4,
          kennysheep_boxes

Skill      XL: |  1  2  3  4  5  6  7  8 |
---------------+-------------------------+-----
Long Blades    | 4 5 6 8 |  8.5
Dodging        | 5 6 |  6.2
Fighting       | 4 5 |  5.0
Armour         | 1 2 |  2.9
Invocations    | |  0.4

Action                     |  1- 3 |  4- 6 |  7- 9 || total
---------------------------+-------+-------+-------++-------
  Melee: Falchion          |    68 |    31 |       ||    99
         Long sword        |       |    71 |   124 ||   195
         Dagger            |       |       |     9 ||     9
 Invoke: Heroism           |       |     1 |     2 ||     3
    Use: Potion            |       |     1 |     1 ||     2
   Stab: Distracted        |       |     1 |       ||     1
 Armour: Robe              |     9 |       |       ||     9
         Ring mail         |     2 |    29 |    72 ||   103
  Dodge: Dodged            |    73 |    71 |   143 ||   287
